 Dungeon Crawl Stone Soup version 0.21.1-1-g345015fe64 (webtiles) character file.

147 Gargoyl the Skirmisher (level 5, -3/46 HPs)
             Began as a Centaur Abyssal Knight on May 29, 2018.
             Was a Follower of Lugonu.
             Slain by an ogre
             ... wielding a +0 giant spiked club
              (23 damage)
             ... on level 3 of the Dungeon.
             The game lasted 00:04:12 (2402 turns).

Gargoyl the Skirmisher (Centaur Abyssal Knight)     Turns: 2402, Time: 00:04:13

Health: -3/46      AC:  9    Str: 15    XL:     5   Next: 8%
Magic:  7/7        EV:  2    Int: 11    God:    Lugonu [*.....]
Gold:   110        SH:  0    Dex:  9    Spells: 4/4 levels left

rFire    . . .     SeeInvis .   h - +3 short sword (venom)
rCold    . . .     Gourm    .   (no shield)
rNeg     . . .     Faith    .   f - +0 plate armour
rPois    .         Spirit   .   (no helmet)
rElec    .         Reflect  .   (no cloak)
rCorr    .         Harm     .   (no gloves)
MR       .....                  (no barding)
Stlth    ..........             (no amulet)
HPRegen  0.15/turn              (no ring)
MPRegen  0.10/turn              (no ring)

@: very quick
A: large, hooves 3, deformed body, speed 2, tough skin 3
a: Depart the Abyss, Renounce Religion


You were on level 3 of the Dungeon.
You worshipped Lugonu.
Lugonu was aware of your devotion.
You were not hungry.

You visited 1 branch of the dungeon, and saw 3 of its levels.
You visited the Abyss 1 time.

You collected 110 gold pieces.

Inventory:

Hand Weapons
 a - a +1 hand axe
 h - a +3 short sword of venom (weapon)
Missiles
 i - 4 tomahawks (quivered)
Armour
 f - a +0 plate armour (worn)
Scrolls
 e - a scroll of remove curse
 g - 3 scrolls of identify
Potions
 b - a potion of heal wounds
Comestibles
 c - 4 rations


   Skills:
 + Level 4.1 Fighting
 + Level 1.0 Short Blades
 + Level 2.2 Axes
 + Level 0.2 Throwing
 * Level 2.4 Armour
 + Level 0.6 Dodging
 * Level 2.9 Invocations


You had 4 spell levels left.
You didn't know any spells.

Dungeon Overview and Level Annotations

Branches:
Dungeon (3/15)

Altars:
Ashenzari
Hepliaklqana
Trog


Innate Abilities, Weirdness & Mutations

You have hooves in place of feet.
Armour fits poorly on your strangely shaped body.
You cover ground very quickly.
You have extremely tough skin. (AC +3)


Message History

Press: ? - help, Shift-Dir - straight line, f/p - ogre
Aim: an ogre, wielding a giant spiked club (lightly wounded)
You throw a tomahawk.
The tomahawk hits the ogre but does no damage.
The ogre is lightly wounded.
The ogre hits you but does no damage.
Your plate armour prevents you from hitting the ogre.
The ogre is lightly wounded.
You completely miss the ogre.
The ogre is lightly wounded.
The ogre hits you with a giant spiked club!
Your plate armour prevents you from hitting the ogre.
You kick the ogre.
The ogre is lightly wounded.
The ogre hits you with a giant spiked club!
You hit the ogre.
The ogre is poisoned.
You kick the ogre.
The ogre is moderately wounded.
The ogre hits you with a giant spiked club!!
Ouch! That really hurt!
You die...

#..... ......#
.S..... .....O.
....... .....
#####(.#########
.......(.(O@...#
#.############.#
#.# #.#
#.#############
#..............
###############


You could see an ogre.

Vanquished Creatures
  An ogre (D:2)
  3 adders (D:2)
  An ooze (D:1)
  A worm (D:2)
  A dart slug (D:1)
  2 leopard geckos (D:1)
  3 giant cockroaches
  3 goblins (D:1)
  A hobgoblin (D:2)
  A bat (D:1)
  3 frilled lizards
  5 kobolds
  A rat (D:2)
26 creatures vanquished.

Notes
Turn   | Place    | Note
-------+----------+-------------------------------------------
     0 | Abyss:1  | Gargoyl the Centaur Abyssal Knight began the quest for the Orb.
     0 | Abyss:1  | Reached XP level 1. HP: 19/19 MP: 2/2
    93 | Abyss:1  | Noticed a large abomination
   101 | Abyss:1  | Noticed a ynoxinul
   134 | Abyss:2  | Noticed a shock serpent simulacrum
   141 | Abyss:2  | Noticed a large abomination
   144 | D:1      | Escaped the Abyss
   277 | D:1      | Reached XP level 2. HP: 25/26 MP: 3/3
   334 | D:1      | Reached * piety under Lugonu
  1087 | D:2      | Reached XP level 3. HP: 16/31 MP: 4/4
  1632 | D:2      | Noticed an ogre
  1669 | D:2      | Killed an ogre
  1669 | D:2      | Reached skill level 4 in Fighting
  1669 | D:2      | Reached XP level 4. HP: 22/40 MP: 6/6
  1669 | D:2      | Reached XP level 5. HP: 25/46 MP: 7/7
  1913 | D:2      | Reached skill level 1 in Short Blades
  1920 | D:2      | Found a shattered altar of Ashenzari.
  1922 | D:2      | Found a hazy altar of Hepliaklqana.
  1953 | D:2      | Found a bloodstained altar of Trog.
  2389 | D:3      | Noticed an ogre
  2402 | D:3      | Slain by an ogre

Skill      XL: |  1  2  3  4  5 |
---------------+----------------+-----
Axes           | 2 |  2.2
Fighting       | 4 |  4.1
Armour         | 2 |  2.4
Short Blades   | 1 |  1.0
Throwing       | |  0.2
Dodging        | |  0.6
Invocations    | |  2.9

Action                   |  1- 3 |  4- 6 || total
-------------------------+-------+-------++-------
Melee: Hand axe          |    21 |       ||    21
       Kick              |     8 |     3 ||    11
       Short sword       |    35 |    16 ||    51
Throw: Tomahawk          |     5 |     3 ||     8
Invok: Depart the Abyss  |     1 |       ||     1
  Use: Scroll            |     1 |     2 ||     3
       Potion            |     4 |       ||     4
  Eat: Ration            |     1 |       ||     1
Armor: Plate armour      |    43 |     8 ||    51
Dodge: Dodged            |     3 |       ||     3
